| TOP OF THE 1ST |
|
Americus Braves batting - Pitching for Palm Beach Nationals : LHP Billy Edwards
|
|
Pitching: LHP Billy Edwards
|
|
|
Batting: RHB Ryan Cole
|
0-0: Ball 1-0: Ball 2-0: Ball 3-0: Base on Balls
|
|
Batting: RHB Scott Hansen
|
0-0: Ball 1-0: Ball 2-0: Called Strike 2-1: Ball 3-1: Foul Ball, location: 2F 3-2: SINGLE (Groundball, 34, EV 106.9 MPH) Ryan Cole to second Runner from 2nd tries for 3rd, SAFE, no throw by RF
|
|
Batting: SHB Vladimir Guerrero III
|
0-0: Ball 1-0: Grounds into double play, 5-4-3 (Groundball, 56S, EV 83.1 MPH) Ryan Cole scores
|
|
Batting: RHB Wilson Salgado
|
0-0: Ball 1-0: Foul Ball, location: 2F 1-1: Foul Ball, location: 2F 1-2: Ball 2-2: Fly out, F8 (Flyball, 78M, EV 91.2 MPH)
|
| Top of the 1st over - 1 run, 1 hit, 0 errors, 0 left on base; Americus 1 - Palm Beach 0 |
| BOTTOM OF THE 1ST |
|
Palm Beach Nationals batting - Pitching for Americus Braves : RHP Jose Ortega
|
|
Pitching: RHP Jose Ortega
|
|
|
Batting: RHB Lou Ortman
|
0-0: Ball 1-0: Called Strike 1-1: Ball 2-1: Foul Ball, location: 2F 2-2: Fly out, F8 (Flyball, 8LD, EV 110.0 MPH)
|
|
Batting: RHB Larry Myers
|
0-0: Called Strike 0-1: Ball 1-1: Fly out, F9 (Line Drive, 9S, EV 99.4 MPH)
|
|
Batting: LHB Ken Westfall
|
0-0: Called Strike 0-1: Ball 1-1: Ball 2-1: Called Strike 2-2: Strikes out swinging
|
| Bottom of the 1st over - 0 runs, 0 hits, 0 errors, 0 left on base; Americus 1 - Palm Beach 0 |
| TOP OF THE 2ND |
|
Americus Braves batting - Pitching for Palm Beach Nationals : LHP Billy Edwards
|
|
Batting: LHB Garret Mathis
|
0-0: Ball 1-0: Ball 2-0: Ball 3-0: Base on Balls
|
|
Batting: RHB Jose Florez
|
0-0: Ball 1-0: Foul Ball, location: 2F 1-1: Swinging Strike 1-2: Fielders Choice at 2nd, 4-6 (Groundball, 34, EV 92.5 MPH)
|
|
Batting: SHB Chris Morrison
|
0-0: Called Strike 0-1: Swinging Strike 0-2: Strikes out looking
|
|
Batting: RHB Bill Bethea
|
0-0: Fielders Choice at 2nd, 6-4 (Groundball, 6, EV 80.6 MPH)
|
| Top of the 2nd over - 0 runs, 0 hits, 0 errors, 1 left on base; Americus 1 - Palm Beach 0 |
| BOTTOM OF THE 2ND |
|
Palm Beach Nationals batting - Pitching for Americus Braves : RHP Jose Ortega
|
|
Batting: LHB Dusty Jones
|
0-0: Ball 1-0: SINGLE (Groundball, 4MD, EV 103.1 MPH)
|
|
Batting: LHB Mike Trentham
|
0-0: Called Strike 0-1: Foul Ball, location: 2F 0-2: Ball 1-2: Foul Ball, location: 2F 1-2: Foul Ball, location: 2F 1-2: Grounds into double play, 6-4-3 (Groundball, 6, EV 83.1 MPH)
|
|
Batting: RHB Tom Lyles
|
0-0: Reached on error, E6 (Groundball, 6, EV 81.9 MPH)
|
|
Batting: RHB Abdul-Ra'uf bin Maimun
|
0-0: Ball 1-0: Foul Ball, location: 2F 1-1: Called Strike Tom Lyles is caught stealing 2nd base 2-4
|
| Bottom of the 2nd over - 0 runs, 1 hit, 1 error, 0 left on base; Americus 1 - Palm Beach 0 |
| TOP OF THE 3RD |
|
Americus Braves batting - Pitching for Palm Beach Nationals : LHP Billy Edwards
|
|
Batting: LHB Pappy Sterile
|
0-0: Ball 1-0: Called Strike 1-1: Swinging Strike 1-2: Strikes out swinging
|
|
Batting: RHB Ryan Cole
|
0-0: Foul Ball, location: 2F 0-1: Foul Ball, location: 2F 0-2: Ball 1-2: Foul Ball, location: 2F 1-2: Ball 2-2: Foul Ball, location: 2F 2-2: Ball 3-2: Ground out 6-3 (Groundball, 6, EV 109.4 MPH)
|
|
Batting: RHB Scott Hansen
|
0-0: Called Strike 0-1: Foul Ball, location: 2F 0-2: Ball 1-2: Foul Ball, location: 2F 1-2: Foul Ball, location: 2F 1-2: SINGLE (Line Drive, 78M, EV 106.9 MPH)
|
|
Batting: SHB Vladimir Guerrero III
|
0-0: Ball 1-0: Called Strike 1-1: Ball Scott Hansen is caught stealing 2nd base 2-4
|
| Top of the 3rd over - 0 runs, 1 hit, 0 errors, 0 left on base; Americus 1 - Palm Beach 0 |
| BOTTOM OF THE 3RD |
|
Palm Beach Nationals batting - Pitching for Americus Braves : RHP Jose Ortega
|
|
Batting: RHB Abdul-Ra'uf bin Maimun
|
0-0: Foul Ball, location: 2F 0-1: Swinging Strike 0-2: Strikes out swinging
|
|
Batting: RHB Mike Hayes
|
0-0: Ball 1-0: Foul Ball, location: 2F 1-1: Ground out 5-3 (Groundball, 15, EV 88.1 MPH)
|
|
Batting: SHB Nelson Franco
|
0-0: Ball 1-0: Called Strike 1-1: Foul Ball, location: 2F 1-2: Strikes out looking
|
| Bottom of the 3rd over - 0 runs, 0 hits, 0 errors, 0 left on base; Americus 1 - Palm Beach 0 |
| TOP OF THE 4TH |
|
Americus Braves batting - Pitching for Palm Beach Nationals : LHP Billy Edwards
|
|
Batting: SHB Vladimir Guerrero III
|
0-0: SINGLE (Line Drive, 8LS, EV 95.6 MPH)
|
|
Batting: RHB Wilson Salgado
|
0-0: Called Strike 0-1: Ball 1-1: Fly out, F8 (Flyball, 78M, EV 95.0 MPH)
|
|
Batting: LHB Garret Mathis
|
0-0: Called Strike 0-1: Called Strike 0-2: Ball 1-2: Ball 2-2: Foul Ball, location: 2F 2-2: Foul Ball, location: 2F 2-2: Foul Ball, location: 2F 2-2: Foul Ball, location: 2F 2-2: Fielders Choice at 2nd, 2-6 (Groundball, 13S, EV 68.8 MPH)
|
|
Batting: RHB Jose Florez
|
0-0: Called Strike 0-1: Ball 1-1: Reached on error, E6 (Groundball, 6, EV 80.0 MPH) Garret Mathis to second
|
|
Batting: SHB Chris Morrison
|
0-0: Ball 1-0: Called Strike 1-1: Swinging Strike 1-2: Hit by Pitch Garret Mathis to third Jose Florez to second
|
|
Batting: RHB Bill Bethea
|
0-0: Ball 1-0: Ball 2-0: Reached on error, E3 (Groundball, 3L, EV 82.5 MPH) Garret Mathis scores Jose Florez to third Chris Morrison to second
|
|
Batting: LHB Pappy Sterile
|
0-0: Foul Ball, location: 2F 0-1: Foul Ball, location: 2F 0-2: Ball 1-2: Fly out, F7 (Flyball, 7LSF, EV 90.0 MPH)
|
| Top of the 4th over - 1 run, 1 hit, 2 errors, 3 left on base; Americus 2 - Palm Beach 0 |
| BOTTOM OF THE 4TH |
|
Palm Beach Nationals batting - Pitching for Americus Braves : RHP Jose Ortega
|
|
Batting: RHB Lou Ortman
|
0-0: Ball 1-0: Ball 2-0: Ball 3-0: Foul Ball, location: 2F 3-1: Foul Ball, location: 2F 3-2: Strikes out swinging
|
|
Batting: RHB Larry Myers
|
0-0: Ball 1-0: Fly out, F7 (Flyball, 7LM, EV 106.9 MPH)
|
|
Batting: LHB Ken Westfall
|
0-0: Called Strike 0-1: Fly out, F9 (Line Drive, 89M, EV 105.0 MPH)
|
| Bottom of the 4th over - 0 runs, 0 hits, 0 errors, 0 left on base; Americus 2 - Palm Beach 0 |
| TOP OF THE 5TH |
|
Americus Braves batting - Pitching for Palm Beach Nationals : LHP Billy Edwards
|
|
Batting: RHB Ryan Cole
|
0-0: Called Strike 0-1: Foul Ball, location: 2F 0-2: Foul Ball, location: 2F 0-2: Ball 1-2: Fly out, F8 (Line Drive, 89D, EV 93.1 MPH)
|
|
Batting: RHB Scott Hansen
|
0-0: Called Strike 0-1: Ball 1-1: Called Strike 1-2: Ball 2-2: Ball 3-2: Fly out, F4 (Popup, 3S, EV 75.0 MPH)
|
|
Batting: SHB Vladimir Guerrero III
|
0-0: Fly out, F8 (Flyball, 8LXD, EV 101.2 MPH)
|
| Top of the 5th over - 0 runs, 0 hits, 0 errors, 0 left on base; Americus 2 - Palm Beach 0 |
| BOTTOM OF THE 5TH |
|
Palm Beach Nationals batting - Pitching for Americus Braves : RHP Jose Ortega
|
|
Batting: LHB Dusty Jones
|
0-0: Ball 1-0: Called Strike 1-1: Foul Ball, location: 2F 1-2: Strikes out swinging
|
|
Batting: LHB Mike Trentham
|
0-0: Ball 1-0: Ball 2-0: Foul Ball, location: 2F 2-1: SOLO HOME RUN (Flyball, 89XD, EV 112.5 MPH), Distance : 434 ft
|
|
Batting: RHB Tom Lyles
|
0-0: Called Strike 0-1: Ball 1-1: Called Strike 1-2: Ball 2-2: Ground out U3 (Groundball, 34, EV 81.2 MPH)
|
|
Batting: RHB Abdul-Ra'uf bin Maimun
|
0-0: Ball 1-0: Foul Ball, location: 2F 1-1: Swinging Strike 1-2: Ball 2-2: Ball 3-2: Strikes out looking
|
| Bottom of the 5th over - 1 run, 1 hit, 0 errors, 0 left on base; Americus 2 - Palm Beach 1 |
| TOP OF THE 6TH |
|
Americus Braves batting - Pitching for Palm Beach Nationals : LHP Billy Edwards
|
|
Batting: RHB Wilson Salgado
|
0-0: Foul Ball, location: 2F 0-1: TRIPLE (Line Drive, 9D, EV 102.5 MPH)
|
|
Pitching: RHP Steve Mesa
|
|
|
Batting: LHB Garret Mathis
|
0-0: Foul Ball, location: 2F 0-1: Ball 1-1: Ball 2-1: Fly out, F6 (Popup, 6MD, EV 43.8 MPH)
|
|
Batting: RHB Jose Florez
|
0-0: Fly out, F8 (Flyball, 78S, EV 92.5 MPH)
|
|
Batting: SHB Chris Morrison
|
0-0: Fly out, F8 (Line Drive, 8RXD, EV 98.8 MPH)
|
| Top of the 6th over - 0 runs, 1 hit, 0 errors, 1 left on base; Americus 2 - Palm Beach 1 |
| BOTTOM OF THE 6TH |
|
Palm Beach Nationals batting - Pitching for Americus Braves : RHP Jose Ortega
|
|
Batting: RHB Mike Hayes
|
0-0: Ball 1-0: Ground out 6-3 (Groundball, 6M, EV 84.4 MPH)
|
|
Batting: SHB Nelson Franco
|
0-0: Called Strike 0-1: Foul Ball, location: 2F 0-2: Ball 1-2: DOUBLE (Line Drive, 9LS, EV 89.4 MPH)
|
|
Batting: RHB Lou Ortman
|
0-0: Called Strike 0-1: Ball 1-1: Foul Ball, location: 2F 1-2: Ground out 5-3 (Groundball, 56, EV 102.5 MPH)
|
|
Batting: RHB Larry Myers
|
0-0: Called Strike 0-1: Called Strike 0-2: Strikes out looking
|
| Bottom of the 6th over - 0 runs, 1 hit, 0 errors, 1 left on base; Americus 2 - Palm Beach 1 |
| TOP OF THE 7TH |
|
Americus Braves batting - Pitching for Palm Beach Nationals : RHP Steve Mesa
|
|
Batting: RHB Bill Bethea
|
0-0: Ground out 5-3 (Groundball, 5, EV 84.4 MPH)
|
|
Batting: LHB Pappy Sterile
|
0-0: Called Strike 0-1: SINGLE (Groundball, 5, EV 86.9 MPH) (infield hit)
|
|
Batting: RHB Ryan Cole
|
0-0: Ball Pappy Sterile is caught stealing 2nd base 2-4 1-0: Foul Ball, location: 2F 1-1: Foul Ball, location: 2F 1-2: Foul Ball, location: 2F 1-2: Ball 2-2: Foul Ball, location: 2F 2-2: Ball 3-2: Base on Balls
|
|
Batting: RHB Scott Hansen
|
0-0: Ball 1-0: Ball Ryan Cole steals 2nd base 2-0: Foul Ball, location: 2F 2-1: Called Strike 2-2: Ball 3-2: SINGLE (Groundball, 56, EV 97.5 MPH) Ryan Cole to third Throwing error, E7 Ryan Cole scores Scott Hansen to second
|
|
Pitching: RHP Coltyn Forte
|
|
|
Batting: SHB Vladimir Guerrero III
|
0-0: Foul Ball, location: 2F 0-1: Foul Ball, location: 2F 0-2: Strikes out swinging
|
| Top of the 7th over - 1 run, 2 hits, 1 error, 1 left on base; Americus 3 - Palm Beach 1 |
| BOTTOM OF THE 7TH |
|
Palm Beach Nationals batting - Pitching for Americus Braves : RHP Jose Ortega
|
|
Pitching: RHP Dave Quick
|
|
|
Batting: LHB Ken Westfall
|
0-0: Fly out, F5 (Popup, 5SF, EV 83.8 MPH)
|
|
Batting: LHB Dusty Jones
|
0-0: Ball 1-0: Ball 2-0: Foul Ball, location: 2F 2-1: Foul Ball, location: 2F 2-2: Foul Ball, location: 2F 2-2: Strikes out looking
|
|
Batting: LHB Mike Trentham
|
0-0: Fly out, F7 (Flyball, 78D, EV 101.9 MPH)
|
| Bottom of the 7th over - 0 runs, 0 hits, 0 errors, 0 left on base; Americus 3 - Palm Beach 1 |
| TOP OF THE 8TH |
|
Americus Braves batting - Pitching for Palm Beach Nationals : RHP Coltyn Forte
|
|
Batting: RHB Wilson Salgado
|
0-0: Ball 1-0: Fly out, F7 (Flyball, 7S, EV 90.6 MPH)
|
|
Batting: LHB Garret Mathis
|
0-0: Ball 1-0: Ball 2-0: Ball 3-0: Called Strike 3-1: Base on Balls
|
|
Batting: RHB Jose Florez
|
0-0: 2-RUN HOME RUN (Line Drive, 9D, EV 98.1 MPH), Distance : 377 ft
|
|
Batting: SHB Chris Morrison
|
0-0: Ball 1-0: Ball 2-0: Called Strike 2-1: Foul Ball, location: 2F 2-2: Foul Ball, location: 2F 2-2: Foul Ball, location: 2F 2-2: Strikes out swinging
|
|
Batting: RHB Bill Bethea
|
0-0: Ball 1-0: Foul Ball, location: 2F 1-1: Ball 2-1: Ball 3-1: Base on Balls
|
|
Batting: LHB Pappy Sterile
|
0-0: Ball 1-0: Fielders Choice at 2nd, 6-4 (Groundball, 6, EV 77.5 MPH)
|
| Top of the 8th over - 2 runs, 1 hit, 0 errors, 1 left on base; Americus 5 - Palm Beach 1 |
| BOTTOM OF THE 8TH |
|
Palm Beach Nationals batting - Pitching for Americus Braves : RHP Dave Quick
|
|
Batting: RHB Tom Lyles
|
0-0: Ball 1-0: Called Strike 1-1: Foul Ball, location: 2F 1-2: Ball 2-2: Strikes out swinging
|
|
Batting: RHB Abdul-Ra'uf bin Maimun
|
0-0: Ball 1-0: Ground out 6-3 (Groundball, 6, EV 83.1 MPH)
|
|
Pinch Hitting: LHB Emery Helm
|
0-0: Ball 1-0: Swinging Strike 1-1: Called Strike 1-2: Ball 2-2: Strikes out swinging
|
| Bottom of the 8th over - 0 runs, 0 hits, 0 errors, 0 left on base; Americus 5 - Palm Beach 1 |
| TOP OF THE 9TH |
|
Americus Braves batting - Pitching for Palm Beach Nationals : RHP Coltyn Forte
|
|
Now in LF: Emery Helm
|
|
|
Batting: RHB Ryan Cole
|
0-0: Ball 1-0: Called Strike 1-1: Ball 2-1: Foul Ball, location: 2F 2-2: SINGLE (Groundball, 6MD, EV 97.5 MPH)
|
|
Batting: RHB Scott Hansen
|
0-0: Ball Ryan Cole is caught stealing 2nd base 2-4 1-0: Ball 2-0: Ball 3-0: Called Strike 3-1: Base on Balls
|
|
Batting: SHB Vladimir Guerrero III
|
0-0: Fielders Choice at 2nd, 1-6 (Groundball, P, EV 62.5 MPH)
|
|
Batting: RHB Wilson Salgado
|
0-0: Ball 1-0: Fielders Choice at 2nd, 5-4 (Groundball, 56, EV 100.0 MPH)
|
| Top of the 9th over - 0 runs, 1 hit, 0 errors, 1 left on base; Americus 5 - Palm Beach 1 |
| BOTTOM OF THE 9TH |
|
Palm Beach Nationals batting - Pitching for Americus Braves : RHP Dave Quick
|
|
Pitching: RHP Justus Gonzales
|
|
|
Pinch Hitting: RHB Greg Bennett
|
0-0: Foul Ball, location: 2F 0-1: Swinging Strike 0-2: Ball 1-2: Ball 2-2: Strikes out swinging
|
|
Batting: RHB Lou Ortman
|
0-0: Foul Ball, location: 2F 0-1: Foul Ball, location: 2F 0-2: Fly out, F4 (Popup, 34, EV 80.0 MPH)
|
|
Batting: RHB Vince Parris
|
0-0: SOLO HOME RUN (Flyball, 7D, EV 96.9 MPH), Distance : 400 ft
|
|
Batting: LHB Ken Westfall
|
0-0: Ball 1-0: Called Strike 1-1: SINGLE (Line Drive, 9LS, EV 93.8 MPH)
|
|
Batting: LHB Dusty Jones
|
0-0: Foul Ball, location: 2F 0-1: Ball 1-1: Called Strike 1-2: Foul Ball, location: 2F 1-2: Ball 2-2: Strikes out swinging
|
| Bottom of the 9th over - 1 run, 2 hits, 0 errors, 1 left on base; Americus 5 - Palm Beach 2 |
|